 Dungeon Crawl Stone Soup version 0.21.1 (webtiles) character file.

205 hpc the Shield-Bearer (level 6, -3/48 HPs)
             Began as a Formicid Fighter on Feb 2, 2018.
             Slain by an iguana (6 damage)
             ... on level 4 of the Dungeon.
             The game lasted 00:03:48 (2814 turns).

hpc the Shield-Bearer (Formicid Fighter)            Turns: 2814, Time: 00:03:49

Health: -3/48      AC:  7    Str: 21    XL:     6   Next: 9%
Magic:  6/6        EV:  8    Int:  8    God:
Gold:   198        SH: 10    Dex: 11    Spells: 5/5 levels left

rFire    . . .     SeeInvis +   a - +0 war axe
rCold    . . .     Gourm    .   c - +0 shield
rNeg     . . .     Faith    .   b - +0 scale mail
rPois    .         Spirit   .   (helmet unavailable)
rElec    .         Reflect  .   (no cloak)
rCorr    .         Harm     .   (no gloves)
MR       .....                  (no boots)
Stlth    ..........             (no amulet)
HPRegen  0.16/turn              (no ring)
MPRegen  0.10/turn              (no ring)

@: no status effects
A: permanent stasis, dig shafts and tunnels, four strong arms, antennae 3
a: Dig, Shaft Self


You were on level 4 of the Dungeon.
You were hungry.

You visited 1 branch of the dungeon, and saw 4 of its levels.

You collected 198 gold pieces.

Inventory:

Hand Weapons
 a - a +0 war axe (weapon)
Armour
 b - a +0 scale mail (worn)
 c - a +0 shield (worn)
Scrolls
 h - a scroll of noise {unknown}
 i - a scroll of remove curse {unknown}
 j - 4 scrolls of identify {unknown}
 k - a scroll of fear {unknown}
 l - a scroll of random uselessness {unknown}
 m - a scroll of immolation {unknown}
 q - a scroll of fog {unknown}
 r - a scroll of enchant armour {unknown}
 u - a scroll of teleportation {unknown}
Potions
 d - a potion of might
 e - a potion of ambrosia {unknown}
 g - a potion of curing {unknown}
 o - a potion of degeneration {unknown}
 p - a potion of agility {unknown}
 t - a potion of haste {unknown}
 v - a potion of berserk rage {unknown}
Books
 s - a book of Conjurations

   Spells                             Type                      Level
   a - Magic Dart                     Conjuration                  1
   b - Searing Ray                    Conjuration                  2
   c - Dazzling Spray                 Conjuration/Hexes            3
   d - Fulminant Prism                Conjuration/Hexes            4
   e - Force Lance                    Conjuration/Translocation    4
   f - Iskenderun's Mystic Blast      Conjuration                  4
Comestibles
 f - 7 rations
 n - 3 chunks of flesh


   Skills:
 + Level 4.2 Fighting
 * Level 3.9 Axes
 + Level 4.2 Armour
 + Level 4.7 Shields


You had 5 spell levels left.
You didn't know any spells.

Dungeon Overview and Level Annotations

Branches:
Dungeon (4/15)
 Temple: D:4-7

Altars:
Gozag
Hepliaklqana
Okawaru
Wu Jian

Shops:
D:2 *

Annotations:
D:4 1player's ghost, amateur MiMo


Innate Abilities, Weirdness & Mutations

You cannot be hasted, slowed, berserked, paralysed or teleported.
You can dig through walls and to a lower floor.
Your four strong arms can wield two-handed weapons with a shield.
You have a pair of large antennae on your head. (SInv)


Message History

You hit the iguana but do no damage.
The iguana is lightly wounded.
The iguana bites you!
* * * LOW HITPOINT WARNING * * *
You block the iguana's attack. 1player's ghost (amateur Minotaur Monk) comes into view.
You hit the iguana but do no damage.
The iguana is lightly wounded.
The iguana bites you.
* * * LOW HITPOINT WARNING * * *
You hit the iguana.
The iguana is moderately wounded.
You block the iguana's attack.
You hit the iguana but do no damage.
The iguana is moderately wounded.
The iguana barely misses you. x2
You barely miss the iguana.
The iguana is moderately wounded.
The iguana bites you.
You die...

#..####..#
##.......##
....#.....##
.....##....##
.......###..##
.......####..##
#
........####..##
##... .........#
##..###.....#
.........##
###.@l..#
.........{#
#..####
..........##
#.W#
...........#
#..#
.....>.....#
#...
...........#
#.$..
.###......##
..#..
.'_+......#
......
.###.....##


You could see an iguana and 1player's ghost.

Vanquished Creatures
  A howler monkey (D:4)
  A hound (D:3)
  5 adders
  2 worms
  3 dart slugs
  5 leopard geckos
  3 giant cockroaches
  7 goblins
  11 hobgoblins
  8 jackals
  7 kobolds
  A ball python (D:3)
  6 bats
  5 frilled lizards
  8 rats
73 creatures vanquished.

Notes
Turn   | Place    | Note
-------+----------+-------------------------------------------
     0 | D:1      | hpc the Formicid Fighter began the quest for the Orb.
     0 | D:1      | Reached XP level 1. HP: 18/18 MP: 1/1
   217 | D:1      | Reached XP level 2. HP: 24/24 MP: 2/2
   366 | D:1      | Reached XP level 3. HP: 29/29 MP: 3/3
  1107 | D:2      | Reached XP level 4. HP: 35/37 MP: 4/4
  1450 | D:2      | Found an iron altar of Okawaru.
  1629 | D:2      | Found Gozag's Platinum Reserve.
  1633 | D:2      | Found an opulent altar of Gozag.
  1922 | D:3      | Reached XP level 5. HP: 29/42 MP: 5/5
  2504 | D:3      | Found a hazy altar of Hepliaklqana.
  2761 | D:4      | Found an ornate altar of the Wu Jian Council.
  2799 | D:4      | Reached XP level 6. HP: 26/48 MP: 6/6
  2811 | D:4      | Noticed 1player's ghost (amateur MiMo)
  2814 | D:4      | Slain by an iguana

Skill      XL: |  1  2  3  4 |
---------------+-------------+-----
Shields        | 4 |  4.7
Axes           | 3 |  3.9
Fighting       | 4 |  4.2
Armour         | 4 |  4.2

Action                   |  1- 3 |  4- 6 || total
-------------------------+-------+-------++-------
Melee: War axe           |   103 |   161 ||   264
  Eat: Chunk             |     1 |     5 ||     6
Armor: Scale mail        |    49 |    65 ||   114
Dodge: Dodged            |    37 |    66 ||   103
Block: Shield            |    66 |    94 ||   160
